Map: Gresvan LE

Players

DrekkSama - Winner!

  • Race: Protoss Protoss
  • Spawn Location: 11:00

VOD

Have the link to the VOD?

Description

Time

  • Played on: April 30, 2023, 8:23 p.m.
  • Length: 31:42
Show
View Real Time Build Order
Export as new Build Order

DrekkSama Protoss - Winner!

Build Orders:  

Get SALT Encoding   

  12  0:03  Probe (Chrono Boost)  
  14  0:20  Probe (Chrono Boost)  
  14  0:37  Probe (Chrono Boost)  
  14  0:39  Pylon  
  15  1:05  Probe (Chrono Boost)  
  15  1:07  Gateway  
  16  1:15  Assimilator  
  16  1:16  Probe (Chrono Boost)  
  17  1:31  Probe (Chrono Boost)  
  18  1:43  Probe (Chrono Boost)  
  19  1:55  Probe (Chrono Boost)  
  20  2:08  Probe (Chrono Boost)  
  21  2:19  Cybernetics Core  
  21  2:25  Probe (Chrono Boost)  
  22  2:33  Nexus  
  18  2:50  Probe (Chrono Boost)  
  23  2:53  Pylon  
  23  2:57  Assimilator  
  24  3:20  Probe (Chrono Boost)  
  24  3:24  Stargate  
  24  3:37  Probe (Chrono Boost)  
  24  3:39  Stalker  
  27  3:58  Probe  
  28  4:17  Probe  
  28  4:18  Probe  
  30  4:38  Probe x2  
  32  4:40  Gateway  
  32  4:44  Shield Battery  
  32  4:46  Warp Gate (Chrono Boost)  
  32  4:51  Oracle (Chrono Boost)  
  35  5:17  Pylon  
  35  5:21  Probe x2  
  35  5:29  Pylon  
  37  5:35  Oracle (Chrono Boost)  
  40  6:10  Stalker x2  
  40  6:12  Gateway  
  40  6:16  Gateway  
  40  6:19  Pylon  
  44  6:34  Probe x2  
  46  6:43  Nexus  
  46  6:45  Stalker  
  46  6:46  Stalker  
  53  6:57  Oracle (Chrono Boost)  
  53  7:01  Probe x2  
  55  7:35  Probe x2  
  57  7:41  Stalker x2  
  61  8:15  Stalker x2  
  61  8:17  Stalker x2  
  69  8:23  Probe  
  69  8:24  Probe  
  71  8:31  Assimilator  
  71  8:34  Assimilator  
  71  8:38  Assimilator  
  71  8:40  Probe  
  71  8:49  Probe  
  73  8:51  Probe  
  73  8:57  Probe  
  75  9:06  Probe  
  76  9:13  Probe  
  74  9:38  Probe  
  74  9:39  Probe  
  59  9:40  Probe  
  76  9:42  Stalker  
  76  9:43  Stalker  
  76  9:44  Stalker x2  
  85  10:10  Robotics Facility  
  85  10:19  Pylon  
  85  10:44  Probe x3  
  92  10:54  Void Ray (Chrono Boost)  
  92  11:01  Probe  
  92  11:06  Assimilator  
  93  11:15  Pylon  
  93  11:18  Pylon  
  93  11:22  Pylon  
  93  11:31  Immortal (Chrono Boost)  
  93  11:32  Nexus  
  93  11:40  Probe  
  93  11:45  Pylon  
  93  11:48  Pylon  
  98  12:08  Forge  
  98  12:12  Forge  
  98  12:15  Forge, Probe x2  
  98  12:16  Probe  
  101  12:21  Immortal (Chrono Boost)  
  101  12:25  Stalker x4  
  113  12:36  Void Ray  
  117  12:45  Shield Battery  
  117  12:50  Shield Battery, Probe x2  
  117  12:51  Probe  
  117  12:58  Pylon  
  124  13:17  Immortal (Chrono Boost)  
  124  13:18  Probe x3  
  124  13:19  Probe  
  128  13:30  Protoss Ground Weapons Level 1  
  128  13:31  Protoss Ground Armor Level 1, Protoss Shields Level 1  
  128  13:36  Stalker x2  
  128  13:37  Stalker x2  
  136  13:40  Robotics Bay  
  136  13:44  Pylon  
  100  14:34  Twilight Council  
  100  14:46  Immortal (Chrono Boost)  
  95  15:15  Stalker x3  
  95  15:16  Stalker  
  100  15:21  Gateway  
  100  15:24  Gateway  
  100  15:25  Probe x2  
  100  15:26  Gateway, Probe x2  
  104  15:30  Gateway  
  94  15:52  Stalker  
  94  15:53  Stalker x2  
  94  15:54  Stalker  
  94  15:55  Nexus  
  92  16:04  Protoss Ground Weapons Level 2 (Chrono Boost), Protoss Ground Armor Level 2 (Chrono Boost)  
  92  16:05  Protoss Shields Level 2 (Chrono Boost), Probe x3  
  92  16:07  Shield Battery  
  95  16:14  Immortal (Chrono Boost)  
  95  16:16  Probe  
  96  16:23  Pylon  
  96  16:27  Pylon  
  96  16:36  Assimilator  
  96  16:41  Assimilator  
  96  16:48  Dark Shrine  
  96  16:55  Void Ray  
  96  16:59  Stalker x3  
  106  17:00  Stalker x2  
  106  17:02  Stalker  
  106  17:03  Stalker, Observer  
  106  17:04  Stalker  
  117  17:27  Assimilator  
  117  17:28  Photon Cannon  
  117  17:31  Probe  
  117  17:32  Probe x3  
  117  17:34  Photon Cannon  
  121  17:40  Zealot x3  
  121  17:41  Zealot x4  
  121  17:42  Zealot  
  121  17:47  Pylon  
  137  17:54  Colossus  
  143  18:19  Probe  
  144  18:20  Probe x2  
  146  18:33  Probe  
  146  18:34  Probe  
  146  18:36  Probe  
  146  18:37  Probe  
  150  18:40  Stalker  
  150  18:41  Stalker x3  
  150  18:42  Stalker x2  
  150  18:43  Stalker  
  150  18:44  Stalker  
  150  18:45  Blink (Chrono Boost)  
  150  18:48  Void Ray  
  144  19:12  Probe  
  144  19:13  Probe  
  144  19:15  Stalker x2  
  144  19:16  Stalker x4  
  144  19:18  Zealot  
  144  19:19  Zealot  
  127  19:45  Probe  
  127  19:46  Probe x4  
  127  19:49  Protoss Shields Level 3  
  132  19:50  Protoss Ground Weapons Level 3  
  132  19:52  Protoss Ground Armor Level 3  
  132  20:01  Dark Templar  
  132  20:02  Probe, Dark Templar x3  
  132  20:04  Dark Templar  
  132  20:08  Dark Templar  
  145  20:12  Dark Templar  
  145  20:18  Archon x2  
  145  20:19  Archon  
  147  20:57  Nexus  
  147  21:01  Immortal  
  147  21:08  Dark Templar x3  
  147  21:09  Dark Templar x3  
  163  21:10  Dark Templar  
  163  21:15  Dark Templar  
  163  21:19  Archon x3  
  167  21:22  Archon  
  149  21:30  Extended Thermal Lance (Chrono Boost)  
  139  21:55  Colossus, Probe x3  
  139  21:56  Probe  
  149  22:02  Pylon  
  149  22:05  Void Ray (Chrono Boost)  
  149  22:07  Pylon  
  153  22:28  Dark Templar x4  
  153  22:29  Dark Templar x3  
  167  22:34  Archon x3  
  167  22:39  Stalker  
  169  22:48  Assimilator  
  169  23:12  Nexus  
  169  23:13  Colossus  
  178  23:24  Oracle (Chrono Boost), Probe x2, Assimilator  
  178  23:25  Probe x2  
  182  23:30  Assimilator  
  182  23:42  Charge  
  182  23:50  Stalker x3  
  182  23:51  Stalker x3  
  182  23:52  Stalker x2  
  196  24:17  Pylon  
  196  24:22  Pylon  
  196  24:28  Observer  
  196  24:29  Dark Templar  
  199  24:58  Shield Battery  
  185  25:03  Shield Battery  
  185  25:08  Shield Battery  
  173  25:46  Zealot x3  
  157  25:59  Dark Templar x4  
  129  26:22  Stalker x3  
  120  26:39  Probe  
  119  26:48  Probe  
  119  26:49  Probe x2  
  122  26:59  Stalker x3  
  122  27:00  Stalker x3  
  122  27:06  Immortal  
  134  27:10  Probe (Chrono Boost)  
  134  27:11  Probe (Chrono Boost), Nexus  
  118  27:54  Void Ray  
  121  28:12  Probe x2 (Chrono Boost)  
  121  28:13  Probe (Chrono Boost)  
  121  28:15  Stalker  
  121  28:16  Stalker x3  
  121  28:17  Stalker x2  
  136  28:34  Colossus  
  142  28:57  Pylon  
  140  29:17  Zealot x4  
  140  29:18  Zealot x2  
  150  29:26  Pylon  
  148  29:30  Assimilator, Pylon  
  148  29:36  Assimilator  
  148  29:49  Observer  
  149  30:00  Assimilator  
  149  30:05  Stalker x3, Assimilator  
  149  30:06  Stalker x3  
  155  30:52  Stalker x2  
  155  30:53  Stalker x2  
  155  30:54  Stalker x2  
  167  31:20  Robotics Facility  
  167  31:40  Nexus  
Tags
 
Matchup
Co-op
Add a new tag
Caveats
  • Supply blocks, unpowered buildings, or Contaminate may cause inaccurate times.
  • Supply counts are checked every 10 seconds.